 Dungeon Crawl Stone Soup version 0.30-b1-2-g02819fbbbe (webtiles) character file.

Game seed: 14412531374189110514

10216 doot the Ogre Mage (level 11, -11/104 HPs)
             Began as an Ogre Air Elementalist on Aug 26, 2023.
             Was an Elder of Vehumet.
             Mangled by a large slime creature (32 damage)
             ... on level 11 of the Dungeon.
             The game lasted 00:31:43 (15704 turns).

doot the Ogre Mage (Ogre Air Elementalist)         Turns: 15704, Time: 00:31:44

Health: -11/104    AC:  6    Str: 14    XL:     11   Next: 58%
Magic:  34/36      EV: 10    Int: 23    God:    Vehumet [****..]
Gold:   837        SH:  0    Dex: 11    Spells: 24/34 levels left

rFire   + . .        e - +5 short sword of Otolodgh {spect, +Blink rF+ Int+3 Dex+2}
rCold   . . .        (no shield)
rNeg    . . .        N - +0 steam dragon scales
rPois   +            (helmet restricted)
rElec   .            (no cloak)
rCorr   .            (gloves unavailable)
SInv    .            (boots unavailable)
Will    +....        (no amulet)
Stlth   ++           s - ring of magical power
HPRegen 0.37/turn    J - ring of poison resistance
MPRegen 0.25/turn

%: no passive effects
@: no status effects
A: large, unfitting armour, tough skin 1
a: Renounce Religion, Evoke Blink


You were on level 11 of the Dungeon.
You worshipped Vehumet.
Vehumet was greatly pleased with you.
You visited 2 branches of the dungeon, and saw 12 of its levels.

You collected 849 gold pieces.
You spent 12 gold pieces at shops.

Inventory:

Hand Weapons
 e - the +5 short sword of Otolodgh (weapon) {spect, +Blink rF+ Int+3 Dex+2}
   (You took it off a kobold on level 2 of the Dungeon)

   Int:       It affects your intelligence (+3).
   Dex:       It affects your dexterity (+2).
   rF:        It protects you from fire.
   +Blink:    It lets you blink.
 f - a +0 trident
 j - a +0 giant spiked club
 n - a +0 battleaxe
 G - a +0 giant club
 K - a +3 scimitar of freezing
Armour
 a - a +0 robe
 I - a +0 kite shield
 M - a +2 robe of willpower
 N - +0 steam dragon scales (worn)
Jewellery
 s - a ring of magical power (left hand)
 z - a ring of resist corrosion
 D - an amulet of guardian spirit
 J - a ring of poison resistance (right hand)
 Q - a +6 ring of strength
Wands
 w - a wand of flame (81)
 R - a wand of polymorph (7)
 S - a wand of roots (5)
Scrolls
 c - 8 scrolls of identify
 d - 2 scrolls of magic mapping {unknown}
 h - 2 scrolls of fear {unknown}
 i - 4 scrolls of enchant armour {unknown}
 l - 2 scrolls of amnesia {unknown}
 m - a scroll of acquirement {unknown}
 o - a scroll of enchant weapon {unknown}
 t - a scroll of immolation {unknown}
 u - 3 scrolls of noise {unknown}
 v - 7 scrolls of teleportation
 y - 3 scrolls of silence {unknown}
 A - 2 scrolls of vulnerability {unknown}
 B - a scroll of fog {unknown}
 C - 2 scrolls of blinking {unknown}
Potions
 b - a potion of magic
 g - a potion of cancellation {unknown}
 k - 3 potions of heal wounds {unknown}
 p - 4 potions of mutation {unknown}
 q - 4 potions of curing
 r - a potion of invisibility {unknown}
 x - a potion of attraction {unknown}
 E - 3 potions of might {unknown}
 F - a potion of flight {unknown}
 H - a potion of lignification {unknown}
 L - a potion of brilliance {unknown}
 O - 2 potions of haste {unknown}
 P - 2 potions of resistance


   Skills:
 + Level 5.5 Fighting
 + Level 2.5 Short Blades
 + Level 0.7 Axes
 + Level 4.1 Dodging
 + Level 3.3 Stealth
 + Level 12.4 Spellcasting
 + Level 5.9 Conjurations
 + Level 9.4 Air Magic


You had 24 spell levels left.
You knew the following spells:

 Your Spells              Type           Power      Damage    Failure   Level
a - Shock                 Conj/Air       100%       1d9       1%          1
b - Static Discharge      Conj/Air       98%        2-7/arc   1%          2
c - Airstrike             Air            27%        2d(4-20)  1%          4
d - Mephitic Cloud        Conj/Pois/Air  37%        N/A       1%          3

Your spell library contained the following spells:

 Spells                   Type           Power      Damage    Failure   Level
 Swiftness                Air            55%        N/A       1%          3


Dungeon Overview and Level Annotations

Branches:
Dungeon (11/15)            Temple (0/1) D:6            Lair (1/5) D:8
    Orc (0/2) D:9

Altars:
Elyvilon
Fedhas
Gozag
Kikubaaqudgha
Nemelex Xobeh
Okawaru
Qazlal
Trog
Vehumet
Xom
Yredelemnul
The Shining One

Shops:
D:5 *   D:8 :   D:9 :   D:10 !

Annotations:
Lair:1 exclusion: oklob plant


Innate Abilities, Weirdness & Mutations

You are too large for most types of armour.
You have tough skin. (AC +1)


Message History

The large slime creature is heavily wounded.
The large slime creature hits you!
You hit the large slime creature.
The large slime creature is heavily wounded.
The large slime creature hits you!
You hit the large slime creature.
The large slime creature is heavily wounded.
You puncture the large slime creature!
The large slime creature is heavily wounded.
The large slime creature barely misses you.
You hit the large slime creature.
The large slime creature is heavily wounded.
The large slime creature closely misses you.
You hit the large slime creature.
The large slime creature is severely wounded.
The large slime creature hits you.
You hit the large slime creature.
The large slime creature is severely wounded.
The large slime creature hits you.
You hit the large slime creature.
The large slime creature is severely wounded.
The large slime creature hits you!!
You hit the large slime creature but do no damage.
The large slime creature is severely wounded.
You hit the large slime creature.
The large slime creature is severely wounded.
The large slime creature hits you!!
* * * LOW HITPOINT WARNING * * *
Casting: Shock (safe; 1% risk of failure)
Confirm with . or Enter, or press ? or * to list all spells.
The large slime creature is struck by an arc of lightning.
The large slime creature is severely wounded.
You are struck by an arc of lightning.
* * * LOW HITPOINT WARNING * * *
The large slime creature is struck by an arc of lightning!
The large slime creature is severely wounded.
The lightning grounds out.
The large slime creature hits you!
* * * LOW HITPOINT WARNING * * *
You feel better. The large slime creature hits you!!
You die...

#.# #.....
#.#####.###.....
#............#..
#########.###.###. ..#
#...##.# #. #?#
###>..##.# ##
#######.####........####
#.......................
#.#####@####..........##
#.# #J# ###...##.#...
#.# #.# ###...##.###.
#.# #.# #....J.......
#.# #.## #.######...J.
#.# #..# #.# #####. #.#
##.# #.# ## #.# #.# #.#
# #.# #.###J##


You could see a large slime creature.

Vanquished Creatures
  2 two-headed ogres
  Pikel (D:8)
  2 unseen horrors
  Psyche (D:8)
  2 komodo dragons (D:8)
  Maggie (D:8)
  A troll (D:11)
  A hornet (D:9)
  3 basilisks (D:8)
  4 yaks (D:10)
  2 wyverns
  A vampire mosquito (D:8)
  A steam dragon (D:8)
  An acid dragon (D:11)
  3 water moccasins
  A black bear (D:5)
  9 orc warriors
  A swamp drake (D:8)
  An ice beast (D:7)
  5 centaurs
  An ogre (D:7)
  4 lemures (D:8)
  2 phantoms
  Blork the orc (D:7)
  3 kobold brigands
  A gnoll sergeant (D:7)
  2 scorpions
  3 bullfrogs
  14 wights
  6 killer bees (D:9)
  5 howler monkeys
  A hound (D:6)
  A jelly (D:6)
  11 orc priests
  A sleepcap (D:6)
  2 iguanas
  15 orc wizards
  2 gnolls (D:11)
  9 adders
  2 shadow imps
  3 white imps
  An ufetubus (D:5)
  2 worms
  2 dart slugs (D:1)
  38 orcs
  7 endoplasms
  6 giant cockroaches
  7 goblins
  12 hobgoblins
  8 jackals
  6 quokkas
  8 ball pythons
  A bat (D:3)
  A frilled lizard (D:2)
  25 kobolds
  9 rats
265 creatures vanquished.

Vanquished Creatures (others)
  A plant (D:6)
1 creature vanquished.

Grand Total: 266 creatures vanquished

Notes
Turn   | Place    | Note
-------+----------+-------------------------------------------
     0 | D:1      | doot the Ogre Air Elementalist began the quest for the Orb.
     0 | D:1      | Reached XP level 1. HP: 16/16 MP: 3/3
   114 | D:1      | Reached skill level 1 in Conjurations
   198 | D:1      | Reached XP level 2. HP: 24/24 MP: 3/5
   909 | D:1      | Reached skill level 3 in Spellcasting
   909 | D:1      | Reached XP level 3. HP: 31/31 MP: 3/7
  1286 | D:2      | Found a bloodstained altar of Trog.
  1759 | D:2      | Reached XP level 4. HP: 17/40 MP: 0/9
  1803 | D:2      | Learned a level 2 spell: Static Discharge
  2012 | D:2      | Identified the +5 short sword of Otolodgh {spect, +Blink
                  | rF+ Int+3 Dex+2}
  2613 | D:2      | Learned a level 4 spell: Airstrike
  2707 | D:3      | Found a faded altar of an unknown god.
  2741 | D:3      | Found a radiant altar of Vehumet.
  2792 | D:3      | Became a worshipper of Vehumet
  3011 | D:3      | Reached skill level 1 in Fighting
  3019 | D:3      | Reached XP level 5. HP: 36/48 MP: 9/10
  3124 | D:3      | Found a blossoming altar of Fedhas.
  3168 | D:3      | Noticed an orc warrior
  3171 | D:3      | Reached skill level 4 in Spellcasting
  3275 | D:3      | Killed an orc warrior
  3276 | D:3      | Reached XP level 6. HP: 49/55 MP: 12/12
  4041 | D:4      | You fall into a shaft and drop 1 floor!
  4041 | D:5      | Entered Level 5 of the Dungeon
  4047 | D:5      | Found Gozag's Platinum Reserve.
  4050 | D:5      | Found an opulent altar of Gozag.
  4262 | D:4      | Found a shimmering altar of Xom.
  4282 | D:4      | Reached * piety under Vehumet
  4282 | D:4      | Offered knowledge of Sandblast by Vehumet.
  4599 | D:4      | Reached skill level 5 in Spellcasting
  4599 | D:4      | Reached XP level 7. HP: 54/62 MP: 12/14
  4665 | D:4      | Found a basalt altar of Yredelemnul.
  5256 | D:5      | Found a glowing golden altar of the Shining One.
  5291 | D:5      | Reached skill level 1 in Short Blades
  5366 | D:5      | Found an ancient bone altar of Kikubaaqudgha.
  5516 | D:5      | Reached skill level 6 in Spellcasting
  6172 | D:6      | Found a staircase to the Ecumenical Temple.
  6361 | D:6      | Reached XP level 8. HP: 70/70 MP: 13/17
  6474 | D:6      | Reached skill level 5 in Air Magic
  6851 | D:6      | Reached skill level 7 in Spellcasting
  7310 | D:7      | Reached ** piety under Vehumet
  7548 | D:7      | Offered knowledge of Momentum Strike by Vehumet.
  7633 | D:7      | Reached XP level 9. HP: 69/79 MP: 20/20
  7924 | D:7      | Reached skill level 8 in Spellcasting
  8284 | D:7      | Noticed Blork the orc
  8291 | D:7      | Killed Blork the orc
  9308 | D:8      | Reached skill level 9 in Spellcasting
  9511 | D:8      | Found a white marble altar of Elyvilon.
  9511 | D:8      | Noticed Psyche
  9526 | D:8      | Killed Psyche
  9531 | D:8      | Noticed Pikel
  9553 | D:8      | Killed Pikel
  9554 | D:8      | Reached skill level 5 in Conjurations
  9554 | D:8      | Reached XP level 10. HP: 29/88 MP: 9/23
  9555 | D:8      | Noticed Maggie
  9899 | D:8      | Killed Maggie
 10195 | D:8      | Reached skill level 10 in Spellcasting
 10346 | D:8      | Found a transporter.
 10346 | D:8      | Found Cometuoba's Book Shoppe.
 10348 | D:8      | Found a transporter.
 10537 | D:8      | Offered knowledge of Hailstorm by Vehumet.
 10551 | D:8      | Killed an unseen horror
 11354 | D:8      | Reached skill level 11 in Spellcasting
 11410 | D:8      | Reached *** piety under Vehumet
 11472 | D:8      | Found a staircase to the Lair.
 11823 | D:9      | Reached XP level 11. HP: 94/101 MP: 26/26
 12152 | D:9      | Found a staircase to the Orcish Mines.
 12187 | D:9      | Offered knowledge of Mephitic Cloud by Vehumet.
 12296 | D:9      | Reached skill level 5 in Fighting
 12695 | D:9      | Found Viejin's Book Shoppe.
 13038 | D:9      | Learned a level 3 spell: Mephitic Cloud
 13143 | Lair:1   | Entered Level 1 of the Lair of Beasts
 13143 | Lair:1   | Noticed an oklob plant
 13226 | D:10     | Entered Level 10 of the Dungeon
 13432 | D:10     | Found a stormy altar of Qazlal.
 13729 | D:10     | Noticed a two-headed ogre
 13735 | D:10     | Killed a two-headed ogre
 13820 | D:10     | Reached skill level 12 in Spellcasting
 13971 | D:10     | Found Qadinne's Distillery.
 13989 | D:10     | Bought a potion of degeneration for 12 gold pieces
 14130 | D:10     | Found a sparkling altar of Nemelex Xobeh.
 14131 | D:10     | Found an iron altar of Okawaru.
 14405 | D:11     | Reached **** piety under Vehumet
 15261 | D:11     | Noticed a two-headed ogre
 15267 | D:11     | Killed a two-headed ogre
 15704 | D:11     | Mangled by a large slime creature

Illustrated notes

Levels and vault maps discovered:
D:1:      nzn_arrival_water_spiral, layout_basic
D:2:      layout_basic, serial_glass, glass_columns_a, glass_columns_a,
          glass_columns_a, glass_columns_a, glass_columns_a, glass_columns_c,
          glass_columns_a, glass_columns_b, due_unseen_surprise,
          minmay_strange_pillars, basic_altar, minivault_27,
          minmay_misc_feat_diagonals, minmay_pentomino_p4
D:3:      layout_loops_ring, fedhas_altar_2, vehumet_crystals,
          shapermc_ecumenical_altar_venn, minmay_misc_feat_x
D:4:      layout_loops_corners, mainiacjoe_overflow_chevrons,
          mainiacjoe_overflow_brackets, grunt_decor_mini_mirrors,
          columned_hall_lemuel, minmay_misc_feat_doors
D:5:      layout_loops_ring, tso_oasis_becter, nicolae_overflow_crystal_walls,
          nicolae_gozag_zags_fifth_avenue, bh_walls_and_bars
D:6:      layout_basic, minmay_temple_entry_mini_moons, serial_bayou_crossing
D:7:      layout_layer_cave, serial_glass, glass_columns_a, glass_columns_b,
          glass_columns_a, glass_columns_a, sword_in_stone
D:8:      kennysheep_six_static_rooms, layout_rooms,
          mainiacjoe_overflow_alcove_2, erik_lair_dragon, serial_shops,
          nicolae_shop_drivethru, uniq_pikel, uniq_maggie, uniq_psyche
D:9:      layout_roguey, minmay_orc_entry_temple_small, serial_shops,
          nicolae_shop_behind_doors, chequers_avenue
D:10:     layout_cave_pools, old_standard_altar,
          gammafunk_temple_overflow_pools, serial_shops,
          nicolae_shop_hallway_plus
D:11:     layout_loops_ring, minmay_holes
Lair:1:   gammafunk_lair_enchanted_lake, layout_cave_pods,
          dpeg_stationary_puzzle, grunt_megastairs_5

Skill      XL: |  1  2  3  4  5  6  7  8  9 10 11 |
---------------+----------------------------------+-----
Conjurations   | 1 2 3 4 5 |  5.9
Air Magic      | 3 4 6 7 8 9 |  9.4
Spellcasting   | 3 4 5 6 7 9 11 12 | 12.4
Dodging        | 2 3 4 |  4.1
Fighting       | 1 2 4 5 |  5.5
Stealth        | 2 3 |  3.3
Short Blades   | 1 2 |  2.5
Axes           | |  0.7

Action                     |  1- 3 |  4- 6 |  7- 9 | 10-12 || total
---------------------------+-------+-------+-------+-------++-------
  Melee: Unarmed           |    22 |       |       |       ||    22
         Trident           |     2 |       |       |       ||     2
         Battleaxe         |    13 |     7 |       |       ||    20
         Short sword       |       |    18 |    71 |    77 ||   166
         Punch             |       |     1 |     1 |     1 ||     3
   Cast: Shock             |    78 |    84 |   139 |    89 ||   390
         Static Discharge  |       |    17 |    33 |    33 ||    83
         Airstrike         |       |     3 |    30 |    89 ||   122
    Use: Potion            |     2 |       |       |     1 ||     3
         Scroll            |       |       |     2 |     1 ||     3
   Stab: Sleeping          |       |     1 |       |     5 ||     6
         Distracted        |       |       |     2 |       ||     2
 Armour: Robe              |    25 |    11 |    28 |       ||    64
         Skin              |       |       |    16 |       ||    16
         Steam dragon scal |       |       |       |    41 ||    41
  Dodge: Dodged            |    45 |    19 |    63 |    56 ||   183
